 Dungeon Crawl Stone Soup version 0.27-a0-1347-gd8886f0a89 (webtiles) character file.

Game seed: 14823484765025016245

20 bilbop the Caller (level 2, -2/16 HPs)
             Began as a Deep Elf Summoner on June 28, 2021.
             Slain by an adder (5 damage)
             ... on level 2 of the Dungeon.
             The game lasted 00:05:42 (1622 turns).

bilbop the Caller (Deep Elf Summoner)               Turns: 1622, Time: 00:05:43

Health: -2/16      AC:  2    Str:  5    XL:     2   Next: 58%
Magic:  5/8        EV: 13    Int: 19    God:
Gold:   31         SH:  0    Dex: 15    Spells: 6/7 levels left

rFire    . . .     SeeInvis .   a - +0 dagger (venom)
rCold    . . .     Faith    .   (no shield)
rNeg     . . .     Spirit   .   c - +0 robe
rPois    .         Reflect  .   (no helmet)
rElec    .         Harm     .   (no cloak)
rCorr    .         Rampage  .   (no gloves)
Will     .....                  (no boots)
Stlth    ++........             (no amulet)
HPRegen  0.05/turn              (no ring)
MPRegen  0.11/turn              (no ring)

@: lethally poisoned (-2 -> -3), very slightly contaminated
A: no striking features
a: no special abilities


You were on level 2 of the Dungeon.
You visited 1 branch of the dungeon, and saw 2 of its levels.

You collected 31 gold pieces.

Inventory:

Hand Weapons
 a - a +0 dagger of venom (weapon)
 f - a +0 short sword
 h - a +0 dagger
Armour
 c - a +0 robe (worn)
Scrolls
 b - a scroll of teleportation {unknown}
 g - a scroll of identify {unknown}
Potions
 d - a potion of might {unknown}
 e - 2 potions of heal wounds {unknown}


   Skills:
 * Level 0.6 Fighting
 + Level 0.5 Short Blades
 + Level 2.7 Dodging
 + Level 2.7 Stealth
 + Level 3.3 Spellcasting
 + Level 4.5 Summonings


You had 6 spell levels left.
You knew the following spells:

 Your Spells              Type           Power      Damage    Failure   Level
a - Summon Small Mammal   Summ           80%        N/A       2%          1

Your spell library contained the following spells:

 Spells                   Type           Power      Damage    Failure   Level
 Call Imp                 Summ           20%        N/A       3%          2
 Call Canine Familiar     Summ           20%        N/A       7%          3
 Summon Guardian Golem    Hex/Summ       11%        N/A       17%         3
 Summon Ice Beast         Ice/Summ       11%        N/A       50%         4
 Summon Lightning Spire   Summ/Air       11%        N/A       50%         4


Dungeon Overview and Level Annotations

Branches:
Dungeon (2/15)

Altars:


Message History

Found 41 bolts.
Found a stone staircase leading up.
Found an escape hatch in the floor.
You see here 41 bolts.
The helpless frilled lizard fails to defend itself.
You puncture the frilled lizard!
You kill the frilled lizard!
No target in view!
No target in view!
No target in view!
You see here a frilled lizard corpse.
You see here a frilled lizard corpse.
An adder comes into view.
The adder hisses angrily.
The adder bites you.
You are poisoned.
The adder poisons you!
You miscast Summon Small Mammal.
You are very lightly contaminated with residual magic.
Nothing appears to happen.
You feel sick.
Your bat misses the adder. The adder bites you but does no damage.
Your quokka closely misses the adder.
You barely miss the adder.
You feel sick.
Your bat misses the adder. The adder closely misses you.
Your bat barely misses the adder.
Your quokka completely misses the adder.
The adder bites you.
You barely miss the adder.
You feel sick.
Your bat hits the adder.
Your quokka closely misses the adder.
The adder misses you.
You barely miss the adder.
The adder is lightly wounded.
You feel sick.
Your quokka barely misses the adder.
Your bat misses the adder. The adder bites you.
Your quokka bites the adder.
You barely miss the adder.
The adder is moderately wounded.
You feel sick. The adder closely misses you.
Your bat closely misses the adder.
Your quokka barely misses the adder.
The adder bites you.
* * * LOW HITPOINT WARNING * * *
Your bat barely misses the adder.
You swap places.
You feel sick.
Your bat misses the adder. Your quokka misses the adder. The adder bites you.
You die...

#.# #>##. #.##. #.# .##
#.# ..# #.# #.# ##
#####.# #.# .
#....†###S###.#..#
#######...(....r@.......
#........#.####b<.......
#.#####.##.# ##########
....# #.##.#
....###.##.#
....†...##.#
....######.. ....# ###
#.###


You could see an adder (ally target), a friendly quokka (summoned) and a
friendly bat (summoned).

Vanquished Creatures
  An endoplasm (D:2)
  2 goblins (D:2)
  A quokka (D:2)
  A ball python (D:2)
  A bat (D:1)
  2 frilled lizards
  A rat (D:1)
9 creatures vanquished.

Vanquished Creatures (collateral kills)
  2 worms (D:2)
  A goblin (D:1)
  2 hobgoblins (D:1)
  2 ball pythons (D:1)
  A bat (D:1)
  A frilled lizard (D:2)
  3 kobolds
  A rat (D:1)
13 creatures vanquished.

Grand Total: 22 creatures vanquished

Notes
Turn   | Place    | Note
-------+----------+-------------------------------------------
     0 | D:1      | bilbop the Deep Elf Summoner began the quest for the Orb.
     0 | D:1      | Reached XP level 1. HP: 10/10 MP: 6/6
   855 | D:1      | Reached XP level 2. HP: 15/15 MP: 8/8
  1622 | D:2      | Slain by an adder

Illustrated notes

Levels and vault maps discovered:
D:1:      dpeg_arrival_shrine, layout_loops_cross
D:2:      layout_loops_ring, serial_shops, nicolae_shop_behind_doors,
          chequers_jeans

Action                   || total
-------------------------++-------
Melee: Short sword       ||     2
       Unarmed           ||     2
       Dagger            ||    15
 Cast: Summon Small Mamm ||    40
 Stab: Sleeping          ||     5
Armor: Robe              ||     5
Dodge: Dodged            ||    13

Table legend: (Time is in decaauts)
 A = Elapsed time spent in this place.
 B = Non-inter-level travel time spent in this place.
 C = Inter-level travel time spent in this place.
 D = Time resting spent in this place.
 E = Time spent auto-exploring this place.
 F = Levels seen in this place.
 G = Mean time per level.
                   A        B        C        D        E       F      G
               +--------+--------+--------+--------+--------+-----+--------+
         Total |   1621 |   1587 |     34 |    233 |   1152 |   2 |  810.5 |
       Dungeon |   1621 |   1587 |     34 |    233 |   1152 |   2 |  810.5 |
               +--------+--------+--------+--------+--------+-----+--------+

Top non-repeatable levels by time:
     D:1: 1055 daAuts
     D:2: 566 daAuts
